 Dungeon Crawl Stone Soup version 0.19.0-20-gbc5f0c6 (webtiles) character file.

83810 Exaltedone87 the Fencer (level 15, -2/134 HPs)
             Began as a Grey Draconian Fighter on Nov 17, 2016.
             Was the Champion of Okawaru.
             Slain by an ogre
             ... wielding a +0 giant club
              (12 damage)
             ... while paralysed by an ogre mage
             ... on level 15 of the Dungeon.
             The game lasted 01:22:40 (25319 turns).

Exaltedone87 the Fencer (Grey Draconian Fighter)   Turns: 25319, Time: 01:22:41

Health: -2/134     AC: 21    Str: 26    XL:     15   Next: 33%
Magic:  22/22      EV:  2    Int:  9    God:    Okawaru [******]
Gold:   1899       SH:  0    Dex: 14    Spells: 0 memorised, 14 levels left

rFire  . . .     SeeInvis .     U - +4 double sword (slice)
rCold  . . .     Gourm    .     (armour unavailable)
rNeg   . . .     Faith    .     L - +5 shield {AC+3}
rPois  +         Spirit   .     G - +1 hat
rElec  .         Reflect  .     f - +2 cloak {+Inv}
rCorr  +         Harm     .     c - -4 pair of gloves of Resourcefulness {*Drain rPois Str+5 Stlth+}
MR     +....                    N - +2 pair of boots of Bedevilment {+Blink rCorr Slay+2 Stlth-}
Stlth  +.........               (no amulet)
                                p - +2 ring of evasion
                                g - +5 ring of slaying

@: paralysed, slowed, drained
A: walk through water, unfitting armour, unbreathing, cold-blooded, AC +14
a: Heroism, Finesse, Renounce Religion, Evoke Blink, Evoke Invisibility


You were on level 15 of the Dungeon.
You worshipped Okawaru.
Okawaru was exalted by your worship.
You were not hungry.

You visited 3 branches of the dungeon, and saw 23 of its levels.

You collected 2169 gold pieces.
You spent 270 gold pieces at shops.

Inventory:

Hand Weapons
 h - a +3 scimitar of flaming
 U - a +4 double sword of slicing (weapon)
Missiles
 S - 5 throwing nets (quivered)
Armour
 c - the -4 pair of gloves of Resourcefulness (worn) {*Drain rPois Str+5 Stlth+}
   (Okawaru gifted it to you on level 9 of the Dungeon)

   It affects your strength (+5).
   It protects you from poison.
   It causes draining when unequipped.
   It makes you more stealthy.
 f - a +2 cloak of invisibility (worn)
 G - a +1 hat (worn)
 K - a +2 pair of gloves of dexterity
 L - a +5 shield of protection (worn)
 N - the +2 pair of boots of Bedevilment (worn) {+Blink rCorr Slay+2 Stlth-}
   (Okawaru gifted it to you on level 6 of the Lair of Beasts)

   It affects your accuracy and damage with ranged weapons and melee attacks
   (+2).
   It lets you blink.
   It protects you from acid and corrosion.
   It makes you less stealthy.
Rods
 V - a +2 rod of shadows (9/9)
   (You found it on level 6 of the Lair of Beasts)
Jewellery
 e - an uncursed ring of protection from fire
 g - a +5 ring of slaying (left hand)
 p - a +2 ring of evasion (right hand)
 v - an uncursed ring of positive energy
 W - a +1 ring of protection
Wands
 D - a wand of acid (3/15)
 E - a wand of confusion (20/48)
 I - a wand of iceblast (10/15)
 T - a wand of disintegration (8/24)
Scrolls
 a - 2 scrolls of magic mapping
 j - 3 scrolls of fear
 k - 11 scrolls of remove curse
 u - 6 scrolls of amnesia
 w - 3 scrolls of recharging
 y - 2 scrolls of fog
 z - a scroll of blinking
 F - 4 scrolls of teleportation
 Y - 4 scrolls of identify
Potions
 i - a potion of invisibility
 l - 3 potions of berserk rage
 m - a potion of cancellation
 q - 5 potions of brilliance
 A - 4 potions of curing
 B - a potion of flight
 C - a potion of ambrosia
 H - 4 potions of resistance
 J - a potion of might
 R - a potion of haste
Miscellaneous
 O - a phantom mirror
Comestibles
 d - 4 bread rations
 n - 7 beef jerkies
 s - 8 fruits
 x - 3 meat rations
 M - 10 royal jellies
 Q - a slice of pizza


   Skills:
 + Level 12.4(12.3) Fighting
 * Level 15.1(15.0) Long Blades
 + Level 12.9(12.8) Dodging
 + Level 11.8(11.7) Shields
 - Level 10.3(10.2) Invocations


You had 14 spell levels left.
You didn't know any spells.

Dungeon Overview and Level Annotations

Branches:
Dungeon (15/15)            Temple (0/1) D:4            Lair (6/6) D:10
  Swamp (0/4) Lair:3       Spider (0/4) Lair:4        Slime (0/5) Lair:5
    Orc (2/2) D:11            Elf (0/3) Orc:2        Vaults (0/5) D:14
 Depths (0/5) D:15

Altars:
Ashenzari
Cheibriados
Elyvilon
Gozag
Kikubaaqudgha
Nemelex Xobeh
Okawaru
Ru
Sif Muna
Trog
Uskayaw
Xom
Yredelemnul
Zin
The Shining One
Beogh

Shops:
D:8 *   D:11 }   Orc:2 =*[(


Innate Abilities, Weirdness & Mutations

You can walk through water.
Your dull iron-grey scales are very hard. (AC +14)
You cannot fit into any form of body armour.
You can survive without breathing.
You are cold-blooded and may be slowed by cold attacks.


Message History

The two-headed ogre is severely wounded.
You block the ogre's attack.
The ogre mage gestures at you while chanting.
You suddenly lose the ability to move!
The two-headed ogre hits you with a giant club!!
The two-headed ogre hits you but does no damage.
The ogre hits you with a giant spiked club!!
The ogre mage gestures at you while chanting.
You feel yourself slow down. The ogre hits you with a giant club.
The two-headed ogre hits you with a giant club!!
The two-headed ogre hits you but does no damage.
The ogre hits you with a giant spiked club!!
* * * LOW HITPOINT WARNING * * *
The ogre mage hits you with a spear.
* * * LOW HITPOINT WARNING * * *
The two-headed ogre hits you but does no damage.
The two-headed ogre hits you with a dire flail!
* * * LOW HITPOINT WARNING * * *
The ogre hits you with a giant club!
You die...

####### ##.....##
##....O..##
#..##@##..#
#..#OOO#..#
#..#.O.#).#
############.)#...#..#
...........#..#####..#
...........##.).....##
............##.)...##
.............###'###
..................#


You could see an ogre mage, a two-headed ogre and 3 ogres.

Vanquished Creatures
  Saint Roka (Orc:2)
  3 dire elephants (Lair:6)
  Josephine (Lair:6)
  6 hydras
  Harold (Orc:1)
  An ice dragon (Lair:6)
  4 vault guards (D:14)
  2 centaur warriors
  A catoblepas (Lair:5)
  Erica (D:9)
  An anaconda (Lair:6)
  6 death yaks (Lair:6)
  An ogre mage (D:14)
  2 orc high priests (Orc:2)
  A deep elf knight (D:14)
  8 skeletal warriors
  An unseen horror (D:12)
  A sixfirhy (D:13)
  2 wizards (D:15)
  6 hill giants
  Pikel (D:7)
  2 orc sorcerers
  A wolf spider (Lair:4)
  2 deep elf magi
  6 orc knights
  8 ugly things
  26 elephants
  Joseph (D:8)
  3 black mambas
  A naga mage (D:15)
  Maurice (D:9)
  Psyche (D:8)
  4 spiny frogs
  4 centaur skeletons
  6 komodo dragons
  An efreet (D:15)
  A yaktaur (D:14)
  A queen bee (Lair:1)
  2 polar bears
  A tengu conjurer (D:14)
  A troll (D:11)
  2 hornets
  A two-headed ogre (D:15)
  12 blink frogs
  4 dream sheep (Lair:6)
  6 hippogriffs
  4 wraiths
  A shadow (D:14)
  3 wyverns
  A vampire (D:13)
  31 yaks
  2 hungry ghosts
  A human (shapeshifter) (D:14)
  A human (D:14)
  A warg (Orc:2)
  2 soldier ants
  Duvessa (D:5)
  8 porcupines
  9 water moccasins
  27 orc warriors
  A slave (D:7)
  2 ice beasts
  3 sky beasts
  A black bear (shapeshifter) (D:11)
  A black bear (D:8)
  2 phantoms
  7 wolves
  8 ogres
  5 centaurs
  15 crocodiles
  A big kobold (D:11)
  13 bullfrogs
  A gnoll sergeant (Orc:2)
  14 jellies
  Dowan (D:5)
  4 scorpions
  40 killer bees
  23 wights
  The ghost of GlenndL420 the Shooter, a weakling CeHu of Elyvilon (D:3)
  An electric eel (D:10)
  A lava snake (D:10)
  2 howler monkeys
  4 crimson imps
  A quasit (D:12)
  2 centaur zombies
  9 orc priests
  Crazy Yiuf (D:2)
  2 bullfrog zombies
  A gnoll shaman (D:4)
  8 hounds
  2 bullfrog skeletons (D:12)
  6 iguanas
  Terence (D:2)
  17 orc wizards
  4 hell rats (D:6)
  7 worker ants
  3 hound zombies
  2 hound skeletons
  A howler monkey zombie (D:8)
  Robin (D:2)
  A worker ant zombie (D:11)
  8 adders
  12 gnolls
  A howler monkey skeleton (D:7)
  5 river rats (D:6)
  5 shadow imps
  3 white imps (Lair:6)
  3 oozes
  3 adder zombies
  3 adder skeletons
  A worm (D:6)
  3 dart slugs
  4 leopard geckos
  79 orcs
  A ball python (D:1)
  7 bats
  2 giant cockroaches
  14 goblins
  7 hobgoblins
  11 jackals
  10 quokkas
  A ball python skeleton (D:2)
  3 frilled lizards
  A giant cockroach zombie (D:6)
  A jackal skeleton (D:2)
  10 kobolds
  2 quokka skeletons
  A quokka zombie (D:2)
  38 rats
  4 fungi (D:10)
  6 plants (Lair:6)
710 creatures vanquished.

Vanquished Creatures (others)
  2 slaves (D:7)
  A scorpion (D:7)
  A bush (Lair:1)
  6 fungi
  12 plants
22 creatures vanquished.

Grand Total: 732 creatures vanquished

Notes
Turn   | Place    | Note
-------+----------+-------------------------------------------
     0 | D:1      | Exaltedone87 the Draconian Fighter began the quest for the Orb.
     0 | D:1      | Reached XP level 1. HP: 19/19 MP: 1/1
   145 | D:1      | Reached XP level 2. HP: 24/26 MP: 2/2
   285 | D:1      | You fall through a shaft!
   295 | D:2      | Found a sacrificial altar of Ru.
   435 | D:1      | Found a shimmering altar of Xom.
   867 | D:2      | Reached skill level 3 in Long Blades
   871 | D:2      | Reached XP level 3. HP: 30/31 MP: 3/3
  1078 | D:2      | Noticed Terence
  1089 | D:2      | Killed Terence
  1089 | D:2      | Reached XP level 4. HP: 33/40 MP: 4/4
  1260 | D:2      | Noticed Robin
  1282 | D:2      | Killed Robin
  1541 | D:2      | Found a runed door.
  1545 | D:2      | Noticed Crazy Yiuf
  1550 | D:2      | Killed Crazy Yiuf
  1682 | D:2      | Reached XP level 5. HP: 44/46 MP: 5/5
  1926 | D:3      | Found an iron altar of Okawaru.
  1961 | D:3      | Became a worshipper of Warmaster Okawaru
  2045 | D:3      | Noticed GlenndL420's ghost (weakling CeHu)
  2057 | D:3      | Killed GlenndL420's ghost
  2057 | D:3      | Reached skill level 4 in Long Blades
  2324 | D:3      | Found an ancient bone altar of Kikubaaqudgha.
  2581 | D:4      | Reached skill level 1 in Invocations
  2581 | D:4      | Reached XP level 6. HP: 29/52 MP: 6/6
  2982 | D:4      | Reached * piety under Okawaru
  3386 | D:4      | Found a staircase to the Ecumenical Temple.
  3698 | D:4      | Reached skill level 5 in Long Blades
  3698 | D:4      | Your scales start taking on a dull iron-grey colour.
  3698 | D:4      | Reached XP level 7. HP: 52/60 MP: 8/8
  3698 | D:4      | Gained mutation: You can survive without breathing. [Grey Draconian growth]
  3770 | D:5      | Entered Level 5 of the Dungeon
  3887 | D:5      | Noticed a hippogriff
  3897 | D:5      | Killed a hippogriff
  3948 | D:5      | Found a deep blue altar of Sif Muna.
  3956 | D:5      | Reached ** piety under Okawaru
  3975 | D:5      | Reached skill level 5 in Dodging
  4005 | D:5      | Found a shattered altar of Ashenzari.
  4005 | D:5      | Found a basalt altar of Yredelemnul.
  4005 | D:5      | Found a hide-covered altar of Uskayaw.
  4005 | D:5      | Found a glowing silver altar of Zin.
  4021 | D:5      | Found a shimmering altar of Xom.
  4021 | D:5      | Found a snail-covered altar of Cheibriados.
  4455 | D:5      | Noticed Duvessa
  4467 | D:5      | Noticed Dowan
  4471 | D:5      | Killed Duvessa
  4471 | D:5      | Reached skill level 5 in Fighting
  4471 | D:5      | Reached XP level 8. HP: 58/68 MP: 10/10
  4487 | D:5      | Killed Dowan
  5221 | D:6      | Reached skill level 6 in Long Blades
  6494 | D:7      | Reached *** piety under Okawaru
  6600 | D:7      | Reached skill level 5 in Shields
  6720 | D:7      | Reached XP level 9. HP: 57/75 MP: 12/12
  6779 | D:7      | Reached skill level 7 in Long Blades
  6961 | D:7      | Noticed Pikel
  6986 | D:7      | Killed Pikel
  6986 | D:7      | Reached **** piety under Okawaru
  7489 | D:8      | You fall through a shaft for 2 floors!
  7489 | D:10     | Entered Level 10 of the Dungeon
  7489 | D:10     | Found a shimmering altar of Xom.
  7832 | D:9      | Reached skill level 5 in Invocations
  7850 | D:9      | Reached ***** piety under Okawaru
  8132 | D:9      | Noticed Erica
  8165 | D:9      | Killed Erica
  8165 | D:9      | Reached skill level 8 in Long Blades
  8165 | D:9      | Reached XP level 10. HP: 50/84 MP: 8/14
  8203 | D:9      | Noticed Maurice
  8223 | D:9      | Killed Maurice
  8223 | D:9      | Received a gift from Okawaru
  8227 | D:9      | Got a pair of ancient gloves {god gift}
  8233 | D:9      | Identified the -4 pair of gloves of Resourcefulness {*Drain rPois Str+5 Stlth+} (Okawaru gifted it to you on level 9 of the Dungeon)
  8354 | D:8      | Noticed Joseph
  8372 | D:8      | Killed Joseph
  8374 | D:8      | Found Luesokh's General Store.
  8592 | D:8      | Noticed Psyche
  8602 | D:8      | Killed Psyche
  8785 | D:8      | Found a sparkling altar of Nemelex Xobeh.
  8933 | D:9      | Found a glowing golden altar of the Shining One.
  8933 | D:9      | Found an opulent altar of Gozag.
  8945 | D:9      | Found a bloodstained altar of Trog.
  9003 | D:9      | Reached skill level 9 in Long Blades
  9208 | D:9      | Found an opulent altar of Gozag.
  9365 | D:10     | Found a staircase to the Lair.
 10249 | D:11     | Found a staircase to the Orcish Mines.
 10277 | D:11     | Found Fuapuem's Gadget Emporium.
 10323 | D:11     | Noticed a centaur warrior
 10341 | D:11     | Killed a centaur warrior
 10341 | D:11     | Reached XP level 11. HP: 10/94 MP: 12/15
 10853 | D:11     | Noticed a skeletal warrior
 10853 | D:11     | Noticed a skeletal warrior
 10858 | D:11     | Noticed a skeletal warrior
 10878 | D:11     | Killed a skeletal warrior
 10890 | D:11     | Killed a skeletal warrior
 10890 | D:11     | Reached ****** piety under Okawaru
 10890 | D:11     | Received a gift from Okawaru
 10909 | D:11     | Killed a skeletal warrior
 10909 | D:11     | Reached skill level 10 in Long Blades
 11670 | Lair:1   | Entered Level 1 of the Lair of Beasts
 11768 | Lair:1   | Reached skill level 10 in Dodging
 12181 | Lair:1   | Received a gift from Okawaru
 12411 | Lair:1   | Noticed a five-headed hydra
 12439 | Lair:1   | Killed a one-headed hydra
 12439 | Lair:1   | Reached XP level 12. HP: 93/103 MP: 17/17
 13063 | Lair:2   | Noticed a six-headed hydra
 13073 | Lair:2   | Killed a four-headed hydra
 13073 | Lair:2   | Received a gift from Okawaru
 13086 | Lair:2   | Found a labyrinth entrance.
 13711 | Lair:3   | Found a staircase to the Swamp.
 13789 | Lair:3   | Reached skill level 11 in Long Blades
 14352 | Lair:3   | Found a dark tunnel.
 14872 | Lair:4   | Found a hole to the Spider Nest.
 15615 | Lair:4   | Noticed a six-headed hydra
 15622 | Lair:4   | Killed a three-headed hydra
 15622 | Lair:4   | Reached XP level 13. HP: 99/113 MP: 19/19
 15869 | Lair:5   | Received a gift from Okawaru
 15869 | Lair:5   | Reached skill level 12 in Long Blades
 15896 | Lair:5   | Found a staircase to the Slime Pits.
 15971 | Lair:5   | Reached skill level 10 in Fighting
 16534 | Lair:6   | Entered Level 6 of the Lair of Beasts
 17130 | Lair:6   | Received a gift from Okawaru
 17213 | Lair:6   | Reached skill level 10 in Shields
 17310 | Lair:6   | Reached skill level 13 in Long Blades
 17317 | Lair:6   | Reached skill level 10 in Invocations
 17582 | Lair:6   | Noticed Josephine
 17607 | Lair:6   | Killed Josephine
 18047 | Lair:6   | Received a gift from Okawaru
 18054 | Lair:6   | Got a pair of steaming boots {god gift}
 18068 | Lair:6   | Identified the +2 pair of boots of Bedevilment {+Blink rCorr Slay+2 Stlth-} (Okawaru gifted it to you on level 6 of the Lair of Beasts)
 18292 | Lair:6   | Reached XP level 14. HP: 122/122 MP: 21/21
 18649 | Lair:6   | Identified a +2 rod of shadows (9/9) (You found it on level 6 of the Lair of Beasts)
 19164 | Orc:1    | Entered Level 1 of the Orcish Mines
 19254 | Orc:1    | Noticed Harold
 19267 | Orc:1    | Killed Harold
 19330 | Orc:2    | Entered Level 2 of the Orcish Mines
 19425 | Orc:2    | Found a roughly hewn altar of Beogh.
 19505 | Orc:2    | Found a roughly hewn altar of Beogh.
 19539 | Orc:2    | Found a staircase to the Elven Halls.
 19561 | Orc:2    | Found a roughly hewn altar of Beogh.
 19693 | Orc:2    | Found a roughly hewn altar of Beogh.
 19697 | Orc:2    | Found Lohotuz's Jewellery Shop.
 20467 | Orc:2    | Noticed Saint Roka
 20559 | Orc:2    | Killed Saint Roka
 20559 | Orc:2    | Received a gift from Okawaru
 20559 | Orc:2    | Reached skill level 14 in Long Blades
 20827 | Orc:2    | Found Eschilugaf's Antique Armour Emporium.
 20829 | Orc:2    | Found a roughly hewn altar of Beogh.
 20834 | Orc:2    | Found Ireozoac's Antique Weapon Shoppe.
 20841 | Orc:2    | Bought a warped shield for 218 gold pieces
 20861 | Orc:2    | Identified the +5 shield "Puchurik" {-Cast rN+ Int+2} (You bought it in a shop on level 2 of the Orcish Mines)
 21145 | Orc:2    | Found a roughly hewn altar of Beogh.
 21200 | Orc:2    | Found Orhug's General Store.
 21205 | Orc:2    | Bought a scroll of identify for 26 gold pieces
 21205 | Orc:2    | Bought a scroll of identify for 26 gold pieces
 21612 | D:12     | You fall through a shaft for 2 floors!
 22247 | D:13     | Received a gift from Okawaru
 23354 | D:13     | Found a runed door.
 24071 | D:14     | Reached XP level 15. HP: 93/132 MP: 22/22
 24290 | D:14     | Found a white marble altar of Elyvilon.
 24872 | D:14     | Reached skill level 15 in Long Blades
 24877 | D:14     | Found a gate to the Vaults.
 24956 | D:15     | Entered Level 15 of the Dungeon
 25310 | D:15     | Found a staircase to the Depths.
 25316 | D:15     | Paralysed by an ogre mage for 7 turns
 25319 | D:15     | Slain by an ogre

Skill      XL: |  1  2  3  4  5  6  7  8  9 10 11 12 13 14 15 |
---------------+----------------------------------------------+-----
Long Blades    | 3 4 5 6 8 9 10 11 13 14 15 | 15.1
Dodging        | 3 4 5 6 7 9 10 11 12 | 12.9
Fighting       | 4 5 6 7 8 9 10 12 | 12.4
Invocations    | 1 2 4 5 6 7 8 10 | 10.3
Shields        | 4 5 6 7 8 9 10 11 | 11.8

Action                   |  1- 3 |  4- 6 |  7- 9 | 10-12 | 13-15 || total
-------------------------+-------+-------+-------+-------+-------++-------
Melee: Long sword        |    87 |   217 |   498 |     8 |       ||   810
       Tailslap          |    12 |    26 |    92 |   177 |   234 ||   541
       Scimitar          |       |       |       |   810 |   660 ||  1470
       Double sword      |       |       |       |       |   368 ||   368
Invok: Heroism           |       |       |     1 |     3 |     6 ||    10
       Finesse           |       |       |     1 |     1 |     4 ||     6
 Abil: Evoke Invisibilit |       |       |       |       |     1 ||     1
  Use: Scroll            |       |     8 |    14 |    10 |    15 ||    47
       Potion            |       |       |     3 |     2 |     6 ||    11
 Stab: Sleeping          |     1 |       |     1 |     8 |     3 ||    13
       Distracted        |       |       |       |       |     1 ||     1
  Eat: Chunk             |     1 |     2 |    11 |    11 |     4 ||    29
       Meat ration       |       |     1 |       |     1 |       ||     2
       Bread ration      |       |       |     1 |     2 |     5 ||     8
       Pizza             |       |       |     1 |     1 |       ||     2
       Beef jerky        |       |       |       |     1 |     4 ||     5
Armor: Skin              |    24 |    66 |   167 |   114 |   140 ||   511
Dodge: Dodged            |    42 |   130 |   253 |   382 |   396 ||  1203
Block: Shield            |    40 |   131 |   297 |   662 |   686 ||  1816
       Rpst.: Long sword |    15 |    43 |    70 |       |       ||   128
       Scimitar          |       |       |       |   107 |    64 ||   171
       Double sword      |       |       |       |       |    32 ||    32
